 Dungeon Crawl Stone Soup version 0.30.0-29-ga12c61a403 (webtiles) character file.

Game seed: 13700184301258041277

21 cdecastro the Nimble (level 2, -1/23 HPs)
             Began as a Gnoll Wanderer on June 9, 2023.
             Slain by a kobold
             ... wielding a +0 short sword
              (3 damage)
             ... on level 2 of the Dungeon.
             The game lasted 00:01:47 (775 turns).

cdecastro the Nimble (Gnoll Wanderer)                Turns: 775, Time: 00:01:48

Health: -1/23      AC:  4    Str:  9    XL:     2   Next: 87%
Magic:  2/2        EV: 17    Int:  8    God:
Gold:   88         SH:  0    Dex: 16    Spells: 2/2 levels left

rFire   . . .        a - +2 quarterstaff
rCold   . . .        (shield currently unavailable)
rNeg    . . .        e - +0 leather armour
rPois   .            (no helmet)
rElec   .            (no cloak)
rCorr   .            c - +0 pair of gloves
SInv    .            (no boots)
Will    .....        (no amulet)
Stlth   +            (no ring)
HPRegen 0.23/turn    (no ring)
MPRegen 0.08/turn

%: no passive effects
@: lethally poisoned (-1 -> -2)
A: fangs 1, strong nose, distributed training
a: no special abilities


You were on level 2 of the Dungeon.
You visited 1 branch of the dungeon, and saw 2 of its levels.

You collected 88 gold pieces.

Inventory:

Hand Weapons
 a - a +2 quarterstaff (weapon)
 b - a +0 hand axe
Missiles
 l - 5 boomerangs (quivered)
Armour
 c - a +0 pair of gloves (worn)
 e - a +0 leather armour (worn)
 m - a +0 pair of boots
Scrolls
 f - a scroll of fog {unknown}
 h - a scroll of poison {unknown}
 k - a scroll of brand weapon {unknown}
Potions
 d - a potion of lignification
 g - 2 potions of heal wounds {unknown}
 i - a potion of brilliance {unknown}
 j - a potion of invisibility {unknown}
 n - a potion of attraction {unknown}


   Skills:
 + Level 2.5 Fighting
 + Level 0.5 Short Blades
 + Level 0.5 Long Blades
 + Level 4.5 Axes
 + Level 0.5 Maces & Flails
 + Level 0.5 Polearms
 + Level 4.5 Staves
 + Level 0.5 Ranged Weapons
 + Level 0.5 Throwing
 + Level 0.5 Armour
 + Level 10.4 Dodging
 + Level 0.5 Stealth
 + Level 0.5 Shields
 + Level 0.5 Unarmed Combat
 + Level 0.5 Spellcasting
 + Level 0.4 Conjurations
 + Level 0.4 Hexes
 + Level 0.4 Summonings
 + Level 0.4 Necromancy
 + Level 0.4 Translocations
 + Level 0.4 Transmutations
 + Level 0.4 Fire Magic
 + Level 0.4 Ice Magic
 + Level 0.4 Air Magic
 + Level 0.4 Earth Magic
 + Level 0.4 Poison Magic
 + Level 0.7 Invocations
 + Level 0.5 Evocations


You had 2 spell levels left.
You didn't know any spells.
Your spell library was empty.

Dungeon Overview and Level Annotations

Branches:
Dungeon (2/15)

Altars:


Innate Abilities, Weirdness & Mutations

You have very sharp teeth.
Your uncanny sense of smell can sniff out nearby items.
Your experience applies equally to all skills.


Message History

You closely miss the adder. The adder bites you but does no damage.
The kobold misses you. The adder misses you.
You closely miss the adder. Your bite misses the adder. The adder misses you.
The kobold hits you but does no damage.
You miss the adder. The adder closely misses you.
The kobold hits you with a +0 short sword.
You hit the adder but do no damage. The adder barely misses you.
The kobold hits you with a +0 short sword.
The adder completely misses you.
You completely miss the adder.
The kobold hits you with a +0 short sword.
The adder barely misses you.
You miss the adder. The adder misses you. The kobold misses you.
The adder bites you.
You closely miss the adder.
The kobold hits you with a +0 short sword.
The adder bites you.
You miss the adder. The kobold closely misses you.
The adder closely misses you.
You hit the adder but do no damage. The adder barely misses you.
The kobold hits you with a +0 short sword.
* * * LOW HITPOINT WARNING * * *
The adder bites you.
* * * LOW HITPOINT WARNING * * *
You are poisoned.
The adder poisons you! The kobold completely misses you.
You closely miss the adder.
You feel sick. The adder misses you. The kobold barely misses you.
You sock the adder!
The adder is almost dead.
You feel sick. The adder closely misses you.
The kobold hits you with a +0 short sword.
* * * LOW HITPOINT WARNING * * *
The adder closely misses you.
You miss the adder.
The adder is almost dead.
* * * LOW HITPOINT WARNING * * *
You feel sick. The adder completely misses you.
The kobold hits you with a +0 short sword.
You die...

# .... ## #. ....
... #. .....
....#.###### .....
.>......... ......
......K..###...###
......S@..........
#.....####.#...##
...............#
...............###
..................
........##.#.....#
. #..............
#.#.#..........
#.............#


You could see an adder and a kobold.

Vanquished Creatures
  A worm (D:2)
  3 endoplasms
  2 giant cockroaches (D:1)
  2 hobgoblins (D:1)
  A quokka (D:1)
  5 bats (D:1)
  A frilled lizard (D:2)
  A goblin (D:1)
  A rat (D:1)
17 creatures vanquished.

Notes
Turn   | Place    | Note
-------+----------+-------------------------------------------
     0 | D:1      | Reached skill level 10 in Dodging
     0 | D:1      | cdecastro the Gnoll Wanderer began the quest for the Orb.
     0 | D:1      | cdecastro set off with the following items: a +2
                  | quarterstaff, a +0 hand axe, a +0 pair of gloves, a potion
                  | of lignification, a +0 leather armour.
     0 | D:1      | Reached XP level 1. HP: 17/17 MP: 1/1
    93 | D:1      | Reached XP level 2. HP: 23/23 MP: 2/2
   775 | D:2      | Slain by a kobold

Illustrated notes

Levels and vault maps discovered:
D:1:      roderic_chinese_lattice_arrival, layout_basic
D:2:      layout_basic

Skill      XL: | |
---------------+-+-----
Dodging        | | 10.4
Fighting       | |  2.5
Short Blades   | |  0.5
Long Blades    | |  0.5
Axes           | |  4.5
Maces & Flails | |  0.5
Polearms       | |  0.5
Staves         | |  4.5
Ranged Weapons | |  0.5
Throwing       | |  0.5
Armour         | |  0.5
Stealth        | |  0.5
Shields        | |  0.5
Unarmed Combat | |  0.5
Spellcasting   | |  0.5
Conjurations   | |  0.4
Hexes          | |  0.4
Summonings     | |  0.4
Necromancy     | |  0.4
Translocations | |  0.4
Transmutations | |  0.4
Fire Magic     | |  0.4
Ice Magic      | |  0.4
Air Magic      | |  0.4
Earth Magic    | |  0.4
Poison Magic   | |  0.4
Invocations    | |  0.7
Evocations     | |  0.5

Action                     || total
---------------------------++-------
  Melee: Quarterstaff      ||    65
         Bite              ||     4
   Stab: Sleeping          ||     2
 Armour: Leather armour    ||    14
  Dodge: Dodged            ||    69
